 Seeded DCSS version 0.27.1-3-gb3d3a73c9e (webtiles) character file.

Game seed: 31415926 (custom seed)

23 Skelothan the Skirmisher (level 2, -2/27 HPs)
             Began as a Minotaur Berserker on Oct 13, 2021.
             Was a Follower of Trog.
             Slain by a scorpion (3 damage)
             ... on level 2 of the Dungeon.
             The game lasted 00:07:42 (1188 turns).

Skelothan the Skirmisher (Minotaur Berserker)       Turns: 1188, Time: 00:07:43

Health: -2/27      AC:  3    Str: 21    XL:     2   Next: 75%
Magic:  1/1        EV: 12    Int:  4    God:    Trog [*.....]
Gold:   124        SH:  0    Dex:  9    Spells: 1/1 levels left

rFire    . . .     SeeInvis .   a - +0 spear
rCold    . . .     Faith    .   (no shield)
rNeg     . . .     Spirit   .   d - +0 leather armour
rPois    .         Reflect  .   (helmet restricted)
rElec    .         Harm     .   (no cloak)
rCorr    .         Rampage  .   (no gloves)
Will     .....                  (no boots)
Stlth    +.........             (no amulet)
HPRegen  0.09/turn              (no ring)
MPRegen  0.07/turn              (no ring)

@: no status effects
A: horns 2, retaliatory headbutt
a: Renounce Religion, Berserk


You were on level 2 of the Dungeon.
You worshipped Trog.
Trog was aware of your devotion.
You visited 1 branch of the dungeon, and saw 2 of its levels.

You collected 124 gold pieces.

Inventory:

Hand Weapons
 a - a +0 spear (weapon)
 c - a +0 hunting sling
 o - a +0 short sword
Missiles
 f - 8 arrows
 g - 4 boomerangs (quivered)
 l - 30 stones
Armour
 b - a +0 animal skin
 d - a +0 leather armour (worn)
 h - a +0 ring mail
Scrolls
 e - 2 scrolls of identify {unknown}
 i - a scroll of acquirement {unknown}
 j - a scroll of magic mapping {unknown}
 k - a scroll of teleportation {unknown}
 m - 3 scrolls of noise {unknown}
Potions
 n - a potion of cancellation {unknown}


   Skills:
 + Level 4.2 Fighting
 + Level 4.0 Polearms
 + Level 2.5 Armour
 + Level 2.5 Dodging


You had one spell level left.
You didn't know any spells.
Your spell library contained the following spells:

 Spells                   Type           Power      Damage    Failure   Level
 Dazzling Flash           Conj/Hex       0%         N/A       89%         3
 Agony                    Necr           0%         N/A       100%        5
 Silence                  Hex/Air        0%         N/A       100%        5


Dungeon Overview and Level Annotations

Branches:
Dungeon (2/15)

Altars:
Uskayaw


Innate Abilities, Weirdness & Mutations

You have a pair of horns on your head.
You reflexively headbutt those who attack you in melee.


Message History

Trog accepts your kill.
Things that are here:
a +0 short sword; a kobold corpse You see here a +0 dagger.
You see here a +0 club.
You see here a +0 dagger.
Things that are here:
a +0 short sword; a kobold corpse
o - a +0 short sword You see here a +0 dagger.
You see here a +0 club.
A scorpion comes into view.
The scorpion moves out of view.
The scorpion stings you.
You hit the scorpion but do no damage. You headbutt the scorpion.
The scorpion is moderately wounded.
The scorpion stings you.
You hit the scorpion but do no damage.
The scorpion is moderately wounded.
The scorpion barely misses you.
You barely miss the scorpion.
The scorpion is moderately wounded.
The scorpion closely misses you.
You hit the scorpion.
The scorpion is heavily wounded.
The scorpion stings you. The scorpion completely misses you.
You barely miss the scorpion.
The scorpion is heavily wounded.
The scorpion stings you.
You hit the scorpion. Your headbutt misses the scorpion.
The scorpion is severely wounded.
The scorpion stings you!
You hit the scorpion but do no damage. Your headbutt misses the scorpion.
The scorpion is severely wounded.
The scorpion stings you!
* * * LOW HITPOINT WARNING * * *
You hit the scorpion.
The scorpion is severely wounded.
The scorpion stings you.
You die...

#............#.. #.
#............#.. ..
##########.#.....#.# #.
#........#.#^....#.# ..
#.######.#.#.....#.####.
#.# ####.#.#......†.....
#.# #....#.#....##.....<
#.# #.####.#....####...†
#.# #..@s...............
#.# #......#.######.....
#.# #......#.# #.##.#
#.####.....#.######.##.#
#...................##.#
##########.#.........#.#
#...............# ..
#.....).........#
#...............#


You could see a scorpion.

Vanquished Creatures
  An adder (D:2)
  2 endoplasms
  2 giant cockroaches
  2 goblins
  A hobgoblin (D:2)
  2 kobolds (D:2)
  2 frilled lizards
  2 rats
14 creatures vanquished.

Notes
Turn   | Place    | Note
-------+----------+-------------------------------------------
     0 | D:1      | Skelothan the Minotaur Berserker began the quest for the
                  | Orb.
     0 | D:1      | Reached XP level 1. HP: 19/19 MP: 0/0
   177 | D:1      | Found a faded altar of an unknown god.
   820 | D:2      | Found a hide-covered altar of Uskayaw.
   860 | D:2      | Reached XP level 2. HP: 17/27 MP: 1/1
  1177 | D:2      | Noticed a scorpion
  1187 | D:2      | HP: 1/27 [scorpion (8)]
  1188 | D:2      | Slain by a scorpion

Illustrated notes

Levels and vault maps discovered:
D:1:      matt_arrival_refuge, layout_basic, shapermc_ecumenical_altar_petra
D:2:      layout_basic, basic_altar

Skill      XL: |  1  2 |
---------------+-------+-----
Fighting       | 4 |  4.2
Polearms       | 4 |  4.0
Armour         | |  2.5
Dodging        | |  2.5

Action                   || total
-------------------------++-------
Melee: Spear             ||    38
       Headbutt          ||     1
Armor: Leather armour    ||     6
Dodge: Dodged            ||    18
